 Dungeon Crawl Stone Soup version 0.27-a0-1245-g940ed4fa31 (webtiles) character file.

Game seed: 6681383013300649628

34 polve the Cutter (level 3, -1/29 HPs)
             Began as a Demonspawn Abyssal Knight on June 9, 2021.
             Was a Follower of Lugonu.
             Succumbed to an adder's poison
             ... on level 1 of the Dungeon.
             The game lasted 00:01:08 (1977 turns).

polve the Cutter (Demonspawn Abyssal Knight)        Turns: 1977, Time: 00:01:09

Health: -1/29      AC:  3    Str: 13    XL:     3   Next: 14%
Magic:  4/4        EV: 10    Int: 13    God:    Lugonu [*.....]
Gold:   35         SH:  3    Dex: 12    Spells: 2/2 levels left

rFire    . . .     SeeInvis .   a - +1 short sword
rCold    . . .     Faith    .   f - +0 buckler
rNeg     . . .     Spirit   .   b - +0 leather armour
rPois    .         Reflect  .   (helmet restricted)
rElec    .         Harm     .   (no cloak)
rCorr    .         Rampage  .   (no gloves)
Will     .....                  (no boots)
Stlth    +.........             d - amulet of magic regeneration
HPRegen  0.09/turn              (no ring)
MPRegen  0.34/turn              (no ring)

@: lethally poisoned (-1 -> -10)
A: horns 1, powered by death 1
a: Renounce Religion, Depart the Abyss


You were on level 1 of the Dungeon.
You worshipped Lugonu.
Lugonu was aware of your devotion.
You visited 1 branch of the dungeon, and saw 2 of its levels.
You visited the Abyss 1 time.

You collected 35 gold pieces.

Inventory:

Hand Weapons
 a - a +1 short sword (weapon)
Armour
 b - a +0 leather armour (worn)
 f - a +0 buckler (worn)
Jewellery
 d - an amulet of magic regeneration (around neck)
Scrolls
 c - a scroll of teleportation {unknown}
 e - a scroll of immolation {unknown}


   Skills:
 - Level 3.0 Fighting
 + Level 3.2 Short Blades
 - Level 1.7 Armour
 - Level 0.8 Dodging
 + Level 0.5 Shields
 - Level 2.4 Invocations


You had 2 spell levels left.
You didn't know any spells.
Your spell library contained the following spells:

 Spells                   Type           Power      Damage    Failure   Level
 Magic Dart               Conj           0%         1d3       52%         1
 Searing Ray              Conj           0%         3d3       67%         2
 Dazzling Flash           Conj/Hex       0%         N/A       88%         3
 Fulminant Prism          Conj/Hex       0%         3d6       99%         4
 Iskenderun's Mystic Bla  Conj/Tloc      0%         2d3       99%         4


Dungeon Overview and Level Annotations

Branches:
Dungeon (2/15)

Altars:


Innate Abilities, Weirdness & Mutations

You have a pair of small horns on your head.
You regenerate a little health from kills.


Message History

The rat barely misses you. The adder bites you but does no damage.
You hit the adder.
The adder is lightly wounded.
You feel sick.
You are no longer poisoned.
The rat bites you but does no damage. The adder closely misses you.
You closely miss the adder.
The adder is lightly wounded.
You block the adder's attack. The rat completely misses you.
You hit the adder.
The adder is moderately wounded.
The adder barely misses you. The rat barely misses you.
You completely miss the adder.
The adder is moderately wounded.
The adder closely misses you. The rat bites you but does no damage.
The adder bites you.
* * * LOW HITPOINT WARNING * * *
You are poisoned.
The adder poisons you!
You barely miss the adder.
The adder is moderately wounded.
You feel sick. The adder closely misses you. The rat barely misses you.
You hit the adder but do no damage.
The adder is moderately wounded.
You feel sick. The adder bites you.
* * * LOW HITPOINT WARNING * * *
The rat bites you.
* * * LOW HITPOINT WARNING * * *
You aren't carrying any potions.
You hit the adder but do no damage.
The adder is moderately wounded.
* * * LOW HITPOINT WARNING * * *
You feel sick. The adder bites you.
* * * LOW HITPOINT WARNING * * *
You are more poisoned.
The adder poisons you! The rat bites you but does no damage.
The adder barely misses you.
You hit the adder but do no damage.
The adder is moderately wounded.
You die...

.# #.........##.####..#.## .#
############....#..#.## .#
#.......####.##.#....#. .#
###.#####......##.#....#. .#
#.....#.##.###.##.#...... .#
#.#.#.#.##......#.##.#..#
.########.#.#.#.....##..#.#......
.#........#.#.#####.#...#.#.....#
.########.#.#..S@rS.##...........
.# ###.##########.#.#.#..... .#
#...# ##........### .# #.###
#..#.#.#..# .# #.# #.........#
.########.# #..#.#.#..#
..........# #.รท......##
########### #..#..#### ##.#.##


You could see 2 adders and a rat.

Vanquished Creatures
  3 dart slugs
  4 bats (D:1)
  7 endoplasms
  4 goblins
  2 hobgoblins (D:1)
  A ball python (D:1)
  3 frilled lizards (D:1)
  2 rats (D:1)
26 creatures vanquished.

Notes
Turn   | Place    | Note
-------+----------+-------------------------------------------
     0 | Abyss:1  | polve the Demonspawn Abyssal Knight began the quest for the
                  | Orb.
     0 | Abyss:1  | Reached XP level 1. HP: 18/18 MP: 2/2
   134 | Abyss:1  | Noticed a tentacled starspawn
   138 | Abyss:1  | Noticed a small abomination
   139 | Abyss:1  | Noticed a tentacled starspawn
   141 | Abyss:1  | Noticed an iron imp
   150 | D:1      | Escaped the Abyss
   692 | D:1      | Gained mutation: You have a pair of small horns on your
                  | head. [demonic ancestry]
   692 | D:1      | Reached XP level 2. HP: 24/24 MP: 3/3
   863 | D:1      | Found a faded altar of an unknown god.
  1923 | D:2      | Gained mutation: You regenerate a little health from kills.
                  | [demonic ancestry]
  1923 | D:2      | Reached XP level 3. HP: 29/29 MP: 4/4
  1935 | D:1      | Reached * piety under Lugonu
  1976 | D:1      | HP: 1/29 [adder (2)]
  1977 | D:1      | Succumbed to an adder's poison

Illustrated notes

Levels and vault maps discovered:
D:1:      evilmike_arrival_plus, layout_basic, ebering_ecumenical_altar_hall,
          serial_co_window_serial, co_window_paths_a,
          co_window_of_opportunity_a, co_window_paths_a, co_window_paths_b,
          co_window_corner_a, co_window_cross_4, co_window_of_opportunity_b,
          co_window_cross_4, co_window_of_opportunity_b, co_window_broadway_c,
          co_window_broadway_b, glass_columns_b, glass_columns_a,
          glass_columns_c, glass_columns_b, glass_columns_c
D:2:      layout_rooms, uniq_sigmund

Skill      XL: |  1  2 |
---------------+-------+-----
Short Blades   | 2 3 |  3.2
Fighting       | |  3.0
Armour         | |  1.7
Dodging        | |  0.8
Shields        | |  0.5
Invocations    | |  2.4

Action                   || total
-------------------------++-------
Melee: Short sword       ||    82
       Headbutt          ||     6
Invok: Depart the Abyss  ||     1
Armor: Leather armour    ||    30
Dodge: Dodged            ||    64
Block: Buckler           ||     4

Table legend: (Time is in decaauts)
 A = Elapsed time spent in this place.
 B = Non-inter-level travel time spent in this place.
 C = Inter-level travel time spent in this place.
 D = Time resting spent in this place.
 E = Time spent auto-exploring this place.
 F = Levels seen in this place.
 G = Mean time per level.
                   A        B        C        D        E       F      G
               +--------+--------+--------+--------+--------+-----+--------+
         Total |   1975 |   1867 |    108 |      0 |   1609 |   3 |  658.3 |
       Dungeon |   1825 |   1717 |    108 |      0 |   1476 |   2 |  912.5 |
         Abyss |    150 |    150 |      0 |      0 |    133 |   1 |  150.0 |
               +--------+--------+--------+--------+--------+-----+--------+

Top non-repeatable levels by time:
     D:1: 1806 daAuts
 Abyss:1: 150 daAuts
     D:2: 18 daAuts
